3AAA
SIOUX FALLS RED PANDAS @ HIALEAH DODOS
05/28/2024
 
TOP OF THE 1ST
Pure Michigan Great Lakers batting - Pitching for Wilmington Bay Hawks : LHP Ryan McCall
Pitching: LHP Ryan McCall
Batting: RHB Lorenzo Sabastro 0-0: Called Strike
0-1: Swinging Strike
0-2: Strikes out looking
Batting: RHB Zong-yuan Fung 0-0: Foul Ball, location: 2F
0-1: Ball
1-1: SOLO HOME RUN (Flyball, 7D), Distance : 377 ft
Batting: RHB Ulbert Sutkamp 0-0: SINGLE (Line Drive, 6MD)
Batting: RHB Jorge Gonzáles 0-0: Ball
1-0: Swinging Strike
1-1: Ball
2-1: Foul Ball, location: 2F
2-2: Ball
3-2: Grounds into double play, 1-6-3 (Groundball, 13S)
Top of the 1st over - 1 run(s), 2 hit(s), 0 error(s), 0 left on base; Pure Michigan 1 - Wilmington 0
BOTTOM OF THE 1ST
Wilmington Bay Hawks batting - Pitching for Pure Michigan Great Lakers : RHP Jim Unknown
Pitching: RHP Jim Unknown
Batting: LHB Steve Grimes 0-0: Ball
1-0: Swinging Strike
1-1: Swinging Strike
1-2: Ball
2-2: Ball
3-2: Base on Balls
Batting: RHB Miguel Angel González 0-0: Ball
1-0: Foul Ball, location: 2F
1-1: Foul Ball, location: 2F
1-2: Foul Ball, location: 2F
1-2: Fly out, F9 (Flyball, 9M)
Batting: RHB Phil Terry 0-0: Ball
1-0: Foul Ball, location: 2F
1-1: Ball
2-1: Foul Ball, location: 2F
2-2: SINGLE (Groundball, 4M)
Steve Grimes to second
Runner from 2nd tries for 3rd, SAFE, throw made to third
Phil Terry to second
Pitching: RHP Alberto Díaz
Batting: RHB Broderick Terry 0-0: Ball
1-0: Ball
2-0: Called Strike
2-1: Swinging Strike
2-2: Ground out 6-3 (Groundball, 6M)
Steve Grimes scores
Phil Terry to third
Batting: RHB Bob McNeil 0-0: Ball
1-0: Called Strike
1-1: Ball
2-1: Ground out 6-3 (Groundball, 6M)
Bottom of the 1st over - 1 run(s), 1 hit(s), 0 error(s), 1 left on base; Pure Michigan 1 - Wilmington 1
TOP OF THE 2ND
Pure Michigan Great Lakers batting - Pitching for Wilmington Bay Hawks : LHP Ryan McCall
Batting: LHB Gustavo Cortéz 0-0: Ball
1-0: Called Strike
1-1: Swinging Strike
1-2: Ball
2-2: Foul Ball, location: 2F
2-2: SOLO HOME RUN (Flyball, 9D), Distance : 363 ft
Batting: RHB Jeffery Campbell 0-0: Ground out 6-3 (Groundball, 6)
Batting: LHB Jesús Pérez 0-0: Foul Ball, location: 2F
0-1: Foul Ball, location: 2F
0-2: Ball
1-2: Strikes out swinging
Batting: RHB Cullen Spencer 0-0: Ball
1-0: Ball
2-0: Called Strike
2-1: Ball
3-1: Base on Balls
Batting: LHB Juan Durán 0-0: Called Strike
0-1: Ball
1-1: Foul Ball, location: 2F
1-2: Ball
2-2: Ground out 3-1 (Groundball, 34)
Top of the 2nd over - 1 run(s), 1 hit(s), 0 error(s), 1 left on base; Pure Michigan 2 - Wilmington 1
BOTTOM OF THE 2ND
Wilmington Bay Hawks batting - Pitching for Pure Michigan Great Lakers : RHP Alberto Díaz
Batting: RHB Daniel Cooper 0-0: Swinging Strike
0-1: Ground out 4-3 (Groundball, 34)
Batting: RHB José Ramos 0-0: Called Strike
0-1: Ball
1-1: Ball
2-1: Ball
3-1: Base on Balls
Batting: RHB Pedro Clemente 0-0: Ball
1-0: Called Strike
1-1: Fly out, F9 (Flyball, 89M)
Batting: RHB Jim Unknown 0-0: Fielders Choice at 2nd, U6 (Groundball, 6M)
Bottom of the 2nd over - 0 run(s), 0 hit(s), 0 error(s), 1 left on base; Pure Michigan 2 - Wilmington 1
TOP OF THE 3RD
Pure Michigan Great Lakers batting - Pitching for Wilmington Bay Hawks : LHP Ryan McCall
Batting: RHB Lorenzo Sabastro 0-0: Ball
1-0: Called Strike
1-1: Foul Ball, location: 2F
1-2: Strikes out swinging
Batting: RHB Zong-yuan Fung 0-0: Ball
1-0: Called Strike
1-1: Foul Ball, location: 2F
1-2: Foul Ball, location: 2F
1-2: SOLO HOME RUN (Line Drive, 7D), Distance : 371 ft
Batting: RHB Ulbert Sutkamp 0-0: Ball
1-0: Ball
2-0: Foul Ball, location: 2F
2-1: Foul Ball, location: 2F
2-2: Strikes out swinging
Batting: RHB Jorge Gonzáles 0-0: Fly out, F8 (Flyball, 8RD)
Top of the 3rd over - 1 run(s), 1 hit(s), 0 error(s), 0 left on base; Pure Michigan 3 - Wilmington 1
BOTTOM OF THE 3RD
Wilmington Bay Hawks batting - Pitching for Pure Michigan Great Lakers : RHP Alberto Díaz
Batting: LHB Steve Grimes 0-0: Fly out, F7 (Popup, 56D)
Batting: RHB Miguel Angel González 0-0: Called Strike
0-1: Ball
1-1: Ball
2-1: Ground out 6-3 (Groundball, 6)
Batting: RHB Phil Terry 0-0: Ball
1-0: Fly out, F9 (Flyball, 89S)
Bottom of the 3rd over - 0 run(s), 0 hit(s), 0 error(s), 0 left on base; Pure Michigan 3 - Wilmington 1
TOP OF THE 4TH
Pure Michigan Great Lakers batting - Pitching for Wilmington Bay Hawks : LHP Ryan McCall
Batting: LHB Gustavo Cortéz 0-0: Ground out 4-3 (Groundball, 34)
Batting: RHB Jeffery Campbell 0-0: Ball
1-0: Ball
2-0: Ball
3-0: Base on Balls
Batting: LHB Jesús Pérez 0-0: Ground out 3-1 (Groundball, 34)
Jeffery Campbell to second
Batting: RHB Cullen Spencer 0-0: Called Strike
0-1: Called Strike
0-2: Ball
1-2: Foul Ball, location: 2F
1-2: Foul Ball, location: 2F
1-2: Ball
2-2: Ball
3-2: Base on Balls
Batting: LHB Juan Durán 0-0: Called Strike
0-1: Called Strike
0-2: Strikes out looking
Top of the 4th over - 0 run(s), 0 hit(s), 0 error(s), 2 left on base; Pure Michigan 3 - Wilmington 1
BOTTOM OF THE 4TH
Wilmington Bay Hawks batting - Pitching for Pure Michigan Great Lakers : RHP Alberto Díaz
Batting: RHB Broderick Terry 0-0: Called Strike
0-1: Ball
1-1: Called Strike
1-2: Ball
2-2: Ground out 6-3 (Groundball, 6S)
Batting: RHB Bob McNeil 0-0: Hit by Pitch
Batting: RHB Daniel Cooper 0-0: Ball
1-0: Ball
2-0: Fielders Choice at 2nd, U6 (Groundball, 6MD)
Batting: RHB José Ramos 0-0: Called Strike
0-1: Fielders Choice at 2nd, 6-4 (Groundball, 6)
Bottom of the 4th over - 0 run(s), 0 hit(s), 0 error(s), 0 left on base; Pure Michigan 3 - Wilmington 1
TOP OF THE 5TH
Pure Michigan Great Lakers batting - Pitching for Wilmington Bay Hawks : LHP Ryan McCall
Batting: RHB Lorenzo Sabastro 0-0: Ball
1-0: Called Strike
1-1: Foul Ball, location: 2F
1-2: SINGLE (Line Drive, 34D)
Batting: RHB Zong-yuan Fung 0-0: Foul Ball, location: 2F
0-1: Ball
Lorenzo Sabastro is caught stealing 2nd base
1-1: Ball
2-1: Ball
3-1: Base on Balls
Batting: RHB Ulbert Sutkamp 0-0: Ball
1-0: Swinging Strike
1-1: Foul Ball, location: 2F
1-2: Foul Ball, location: 2F
1-2: Ball
2-2: Ball
3-2: Base on Balls
Zong-yuan Fung to second
Batting: RHB Jorge Gonzáles 0-0: Called Strike
0-1: Swinging Strike
0-2: Ball
1-2: Ball
2-2: Grounds into double play, 2-6-3 (Groundball, 2L)
Top of the 5th over - 0 run(s), 1 hit(s), 0 error(s), 1 left on base; Pure Michigan 3 - Wilmington 1
BOTTOM OF THE 5TH
Wilmington Bay Hawks batting - Pitching for Pure Michigan Great Lakers : RHP Alberto Díaz
Batting: RHB Pedro Clemente 0-0: Ball
1-0: Foul Ball, location: 2F
1-1: Ball
2-1: Ball
3-1: Foul Ball, location: 2F
3-2: Fly out, F8 (Flyball, 8LM)
Batting: RHB Jim Unknown 0-0: Ball
1-0: Swinging Strike
1-1: Foul Ball, location: 2F
1-2: Ground out 1-3 (Groundball, 23)
Batting: LHB Steve Grimes 0-0: Foul Ball, location: 2F
0-1: Ball
1-1: Ball
2-1: Foul Ball, location: 2F
2-2: Foul Ball, location: 2F
2-2: Foul Ball, location: 2F
2-2: Ball
3-2: Foul Ball, location: 2F
3-2: Base on Balls
Batting: RHB Miguel Angel González 0-0: Ball
1-0: Ball
2-0: Swinging Strike
2-1: Ball
3-1: SINGLE (Groundball, 6MD) (infield hit)
Steve Grimes to second
Batting: RHB Phil Terry 0-0: Ball
1-0: Swinging Strike
1-1: Ground out 4-3 (Groundball, 4)
Bottom of the 5th over - 0 run(s), 1 hit(s), 0 error(s), 2 left on base; Pure Michigan 3 - Wilmington 1
TOP OF THE 6TH
Pure Michigan Great Lakers batting - Pitching for Wilmington Bay Hawks : LHP Ryan McCall
Batting: LHB Gustavo Cortéz 0-0: Foul Ball, location: 2F
0-1: Foul Ball, location: 2F
0-2: Ball
1-2: Strikes out swinging
Batting: RHB Jeffery Campbell 0-0: Foul Ball, location: 2F
0-1: Foul Ball, location: 2F
0-2: Ball
1-2: Ball
2-2: Ball
3-2: Base on Balls
Batting: LHB Jesús Pérez 0-0: Foul Ball, location: 2F
0-1: Ball
1-1: Swinging Strike
1-2: Ball
2-2: Strikes out swinging
Batting: RHB Cullen Spencer 0-0: Ball
1-0: Ball
2-0: Ball
3-0: Called Strike
3-1: Base on Balls
Jeffery Campbell to second
Batting: LHB Juan Durán 0-0: Foul Ball, location: 2F
0-1: Ball
1-1: Swinging Strike
1-2: Ball
2-2: Strikes out swinging
Top of the 6th over - 0 run(s), 0 hit(s), 0 error(s), 2 left on base; Pure Michigan 3 - Wilmington 1
BOTTOM OF THE 6TH
Wilmington Bay Hawks batting - Pitching for Pure Michigan Great Lakers : RHP Alberto Díaz
Batting: RHB Broderick Terry 0-0: Ball
1-0: Ball
2-0: Called Strike
2-1: Ball
3-1: Base on Balls
Batting: RHB Bob McNeil 0-0: Grounds into double play, 6-4-3 (Groundball, 6)
Batting: RHB Daniel Cooper 0-0: Ground out 6-3 (Groundball, 6M)
Bottom of the 6th over - 0 run(s), 0 hit(s), 0 error(s), 0 left on base; Pure Michigan 3 - Wilmington 1
TOP OF THE 7TH
Pure Michigan Great Lakers batting - Pitching for Wilmington Bay Hawks : LHP Ryan McCall
Batting: RHB Lorenzo Sabastro 0-0: Ball
1-0: Fly out, F7 (Flyball, 7D)
Batting: RHB Zong-yuan Fung 0-0: Swinging Strike
0-1: Ground out 6-3 (Groundball, 6)
Batting: RHB Ulbert Sutkamp 0-0: Ball
1-0: Called Strike
1-1: Ball
2-1: Foul Ball, location: 2F
2-2: Strikes out swinging
Top of the 7th over - 0 run(s), 0 hit(s), 0 error(s), 0 left on base; Pure Michigan 3 - Wilmington 1
BOTTOM OF THE 7TH
Wilmington Bay Hawks batting - Pitching for Pure Michigan Great Lakers : RHP Alberto Díaz
Batting: RHB José Ramos 0-0: Ball
1-0: Called Strike
1-1: Foul Ball, location: 2F
1-2: Foul Ball, location: 2F
1-2: Ground out 5-3 (Groundball, 5S)
Batting: RHB Pedro Clemente 0-0: Called Strike
0-1: SINGLE (Flyball, 8RS)
Batting: RHB Jim Unknown 0-0: Ball
1-0: Ball
2-0: SINGLE (Groundball, 6MD)
Pedro Clemente to second
Batting: LHB Steve Grimes 0-0: Ball
1-0: Fly out, F7 (Flyball, 7M)
Batting: RHB Miguel Angel González 0-0: Ground out 1-3 (Groundball, 23)
Bottom of the 7th over - 0 run(s), 2 hit(s), 0 error(s), 2 left on base; Pure Michigan 3 - Wilmington 1
TOP OF THE 8TH
Pure Michigan Great Lakers batting - Pitching for Wilmington Bay Hawks : LHP Ryan McCall
Pitching: RHP Lanny Larson
Batting: RHB Jorge Gonzáles 0-0: Foul Ball, location: 2F
0-1: Ball
1-1: Ball
2-1: Swinging Strike
2-2: Ball
3-2: Strikes out swinging
Batting: LHB Gustavo Cortéz 0-0: Fly out, F3 (Line Drive, 3L)
Batting: RHB Jeffery Campbell 0-0: Foul Ball, location: 2F
0-1: Called Strike
0-2: Ball
1-2: Foul Ball, location: 2F
1-2: Ball
2-2: Ball
3-2: Strikes out looking
Top of the 8th over - 0 run(s), 0 hit(s), 0 error(s), 0 left on base; Pure Michigan 3 - Wilmington 1
BOTTOM OF THE 8TH
Wilmington Bay Hawks batting - Pitching for Pure Michigan Great Lakers : RHP Alberto Díaz
Batting: RHB Phil Terry 0-0: Ball
1-0: Ball
2-0: Foul Ball, location: 2F
2-1: SOLO HOME RUN (Flyball, 89D), Distance : 390 ft
Pitching: RHP Javier Dávila
Batting: RHB Broderick Terry 0-0: Swinging Strike
0-1: Ball
1-1: Foul Ball, location: 2F
1-2: Foul Ball, location: 2F
1-2: Foul Ball, location: 2F
1-2: Strikes out swinging
Batting: RHB Bob McNeil 0-0: Called Strike
0-1: Ball
1-1: Foul Ball, location: 2F
1-2: Foul Ball, location: 2F
1-2: Ball
2-2: Ball
3-2: Base on Balls
Pinch Hitting: RHB Jim Unknown 0-0: Swinging Strike
0-1: Ball
1-1: Bunted foul
1-2: SINGLE (Line Drive, 8RS)
Bob McNeil to second
Pinch Hitting: SHB Jim Unknown 0-0: Foul Ball, location: 2F
0-1: Ball
1-1: Ball
2-1: Foul Ball, location: 2F
2-2: Ball
3-2: Strikes out looking
Batting: RHB Pedro Clemente 0-0: Called Strike
0-1: Ball
1-1: Foul Ball, location: 2F
1-2: Strikes out swinging
Bottom of the 8th over - 1 run(s), 2 hit(s), 0 error(s), 2 left on base; Pure Michigan 3 - Wilmington 2
TOP OF THE 9TH
Pure Michigan Great Lakers batting - Pitching for Wilmington Bay Hawks : RHP Lanny Larson
Now in LF: Juan Sandoval
Now in RF: Jim Unknown
Batting: LHB Jesús Pérez 0-0: Ball
1-0: Foul Ball, location: 2F
1-1: DOUBLE (Line Drive, 89M)
Batting: RHB Cullen Spencer 0-0: Fly out, F3 (Popup, 3F)
Batting: LHB Juan Durán 0-0: Intentional Walk
Pinch Hitting: RHB Brian King 0-0: SINGLE (Line Drive, 56D)
Jesús Pérez to third
Juan Durán to second
Batting: RHB Zong-yuan Fung 0-0: Ball
1-0: Ball
2-0: Called Strike
2-1: Ball
3-1: Called Strike
3-2: Strikes out looking
Batting: RHB Ulbert Sutkamp 0-0: SINGLE (Line Drive, 8LS)
Jesús Pérez scores
Juan Durán to third
Brian King to second
Runner from 3rd tries for Home, SAFE, no throw or cutoff
Batting: RHB Jorge Gonzáles 0-0: Ground out U3 (Groundball, 3)
Top of the 9th over - 2 run(s), 3 hit(s), 0 error(s), 2 left on base; Pure Michigan 5 - Wilmington 2
BOTTOM OF THE 9TH
Wilmington Bay Hawks batting - Pitching for Pure Michigan Great Lakers : RHP Javier Dávila
Pitching: RHP Jim Unknown
Now at 2B: Brian King
Batting: RHB Jim Unknown 0-0: Ball
1-0: Called Strike
1-1: Ball
2-1: Called Strike
2-2: Strikes out swinging
Batting: LHB Steve Grimes 0-0: Swinging Strike
0-1: Ball
1-1: Foul Ball, location: 2F
1-2: Ball
2-2: Ball
3-2: Base on Balls
Batting: RHB Miguel Angel González 0-0: Swinging Strike
0-1: Foul Ball, location: 2F
0-2: Ball
1-2: SINGLE (Groundball, 56D) (infield hit)
Steve Grimes to second
Batting: RHB Phil Terry 0-0: Called Strike
0-1: Ball
1-1: Ball
2-1: Foul Ball, location: 2F
2-2: Foul Ball, location: 2F
2-2: Fly out, F5 (Line Drive, 5)
Batting: RHB Broderick Terry 0-0: Ball
1-0: Ball
2-0: Ball
3-0: Base on Balls
Steve Grimes to third
Miguel Angel González to second
Batting: RHB Bob McNeil 0-0: Ball
1-0: Swinging Strike
1-1: Swinging Strike
1-2: Foul Ball, location: 2F
1-2: Hit by Pitch
Steve Grimes scores
Miguel Angel González to third
Broderick Terry to second
Batting: RHB Juan Sandoval 0-0: Called Strike
0-1: Ball
1-1: Foul Ball, location: 2F
1-2: Fly out, F7 (Popup, 6D)
Bottom of the 9th over - 1 run(s), 1 hit(s), 0 error(s), 3 left on base; Pure Michigan 5 - Wilmington 3
This league is powered by Out of the Park Baseball, the baseball management simulation game for PC, Mac and Linux
Monday, October 3rd, 2016 - OOTP Baseball 16.9 Build 39